 Dungeon Crawl Stone Soup version 0.23.2 (webtiles) character file.

Game seed: 2704594399269998289

210 Menchi the Skirmisher (level 5, -1/30 HPs)
             Began as a Tengu Hunter on Apr 4, 2019.
             Was an Initiate of Gozag.
             Killed from afar by a dart slug (3 damage)
             ... with a slug dart
             ... on level 4 of the Dungeon.
             The game lasted 00:12:20 (2920 turns).

Menchi the Skirmisher (Tengu Hunter)                Turns: 2920, Time: 00:12:20

Health: -1/30      AC:  3    Str: 16      XL:     5   Next: 88%
Magic:  5/6        EV: 15    Int: 11      God:    Gozag
Gold:   313        SH:  4    Dex: 14 (15) Spells: 4/4 levels left

rFire    + . .     SeeInvis .   a - +1 hand crossbow
rCold    + . .     Gourm    .   (no shield)
rNeg     . . .     Faith    .   c - +0 leather armour
rPois    +         Spirit   .   (helmet restricted)
rElec    +         Reflect  .   (no cloak)
rCorr    +         Harm     .   (no gloves)
MR       .....                  (boots unavailable)
Stlth    +.........             j - amulet of regeneration
HPRegen  0.50/turn              (no ring)
MPRegen  0.10/turn              (no ring)

@: mighty, resistant, gold aura, flying quickly and evasively, hasted, very
quick
A: beak, talons 3, large bone plates 1, frail 1, weak 1, able to fly
a: Stop Flying, Potion Petition, Call Merchant, Bribe Branch, Renounce Religion


You were on level 4 of the Dungeon.
You worshipped Gozag.
Gozag was aware of your devotion.
You were not hungry.

You visited 1 branch of the dungeon, and saw 4 of its levels.

You collected 347 gold pieces.
You paid 34 gold pieces to Gozag.

Inventory:

Hand Weapons
 a - a +1 hand crossbow (weapon)
Missiles
 d - a bolt (quivered)
Armour
 c - a +0 leather armour (worn)
Jewellery
 j - an amulet of regeneration (around neck)
Scrolls
 e - a scroll of immolation {unknown}
 g - a scroll of enchant weapon {unknown}
 i - a scroll of remove curse
 m - 2 scrolls of identify
 o - a scroll of teleportation {unknown}
Potions
 k - a potion of degeneration
 l - 4 potions of mutation
 n - a potion of cancellation
Comestibles
 f - 3 rations


   Skills:
 + Level 4.9 Fighting
 - Level 4.3 Crossbows
 - Level 2.2 Armour
 + Level 3.2 Dodging
 - Level 1.0 Stealth


You had 4 spell levels left.
You didn't know any spells.
Your spell library was empty.

Dungeon Overview and Level Annotations

Branches:
Dungeon (4/15)
 Temple: D:4-7

Altars:
Gozag
Okawaru


Innate Abilities, Weirdness & Mutations

You have a beak for a mouth.
You have claws for feet.
You can fly continuously.
You are partially covered in large bone plates. (SH +4)
You are frail. (-10% HP)
You are weak. (Str -2)


Message History

Okay, then.
It was a potion of might.
You feel very mighty all of a sudden. The dart slug launches a dart at you.
The slug dart misses you. The dart slug launches a dart at you.
The slug dart hits you.
* * * LOW HITPOINT WARNING * * *
It was a potion of resistance.
You feel protected.
You clumsily bash the dart slug.
Your kick misses the dart slug. You peck the dart slug.
The dart slug is heavily wounded.
The dart slug bites you but does no damage.
You hit the dart slug!
You kill the dart slug!
The dart slug launches a dart at you. The slug dart hits you.
You die...
Your body crumbles into a pile of gold.

........g ......? + .....$ #.
.... ... . ... ..a #. #g# ....
#.# ###$### ..... #..##≈≈@≈≈#..
.....# #.≈≈#≈≈≈≈.# .
......####≈≈≈≈≈≈≈≈≈###.
$.......#≈≈≈≈w≈≈##≈≈≈≈#. .# .
w... #a≈≈≈≈w≈≈≈≈≈≈≈#.# .##.#.#
.....##w≈≈ww≈≈≈≈≈≈≈≈#≈## .#.#.
.....#≈≈≈≈.≈≈≈≈≈≈#≈≈#≈≈##....
......≈≈≈.≈≈≈...≈.⌠(≈≈≈.....###
.####..≈≈...?(<..?..≈≈..##.....


You could see a worm, a worker ant, a gnoll and 4 dart slugs.

Vanquished Creatures
  A phantom (D:4)
  An adder (D:2)
  11 dart slugs
  5 worms
  6 leopard geckos
  5 bats
  2 giant cockroaches
  10 goblins
  4 hobgoblins
  3 jackals (D:3)
  7 kobolds
  2 quokkas (D:2)
  2 ball pythons
  7 frilled lizards
  12 rats
78 creatures vanquished.

Notes
Turn   | Place    | Note
-------+----------+-------------------------------------------
     0 | D:1      | Menchi the Tengu Hunter began the quest for the Orb.
     0 | D:1      | Reached XP level 1. HP: 12/12 MP: 2/2
   100 | D:1      | Reached XP level 2. HP: 17/17 MP: 3/3
   356 | D:1      | Reached XP level 3. HP: 23/23 MP: 4/4
  1317 | D:2      | Reached XP level 4. HP: 28/28 MP: 5/5
  1461 | D:2      | Found an opulent altar of Gozag.
  1469 | D:2      | Became a worshipper of Gozag Ym Sagoz the Greedy
  1497 | D:2      | Found an iron altar of Okawaru.
  1731 | D:3      | Gained mutation: You are weak. (Str -2) [potion of
                  | mutation]
  1731 | D:3      | Gained mutation: You are frail. (-10% HP) [potion of
                  | mutation]
  1731 | D:3      | Gained mutation: You are partially covered in large bone
                  | plates. (SH +4) [potion of mutation]
  1794 | D:3      | Reached skill level 1 in Armour
  2519 | D:4      | Noticed a phantom
  2636 | D:4      | Killed a phantom
  2636 | D:4      | Gained mutation: You can fly continuously. [Tengu growth]
  2636 | D:4      | Reached XP level 5. HP: 8/30 MP: 6/6
  2900 | D:4      | HP: 1/30 [dart slug/slug dart (5)]
  2917 | D:4      | HP: 1/30 [dart slug/slug dart (2)]
  2920 | D:4      | Killed from afar by a dart slug

Skill      XL: |  1  2  3  4 |
---------------+-------------+-----
Fighting       | 3 4 |  4.9
Dodging        | 3 |  3.2
Armour         | 2 |  2.2
Crossbows      | |  4.3
Stealth        | |  1.0

Action                   |  1- 3 |  4- 6 || total
-------------------------+-------+-------++-------
Melee: Hand crossbow     |     5 |   122 ||   127
       Peck              |     1 |    25 ||    26
       Kick              |       |    39 ||    39
 Fire: Hand crossbow     |    77 |    59 ||   136
Invok: Potion Petition   |       |     1 ||     1
 Abil: Fly               |       |     1 ||     1
Evoke: Wand              |       |     3 ||     3
  Use: Potion            |       |     8 ||     8
       Scroll            |       |     3 ||     3
  Eat: Chunk             |     1 |     1 ||     2
       Ration            |       |     2 ||     2
Armor: Leather armour    |     5 |    25 ||    30
Dodge: Dodged            |    14 |    72 ||    86
Block: Other             |       |    22 ||    22
